 Dungeon Crawl Stone Soup version 0.27-a0-661-gca034ae587 (webtiles) character file.

Game seed: 7597458681796419375

1218 Mitsuki the Skirmisher (level 8, -4/74 HPs)
             Began as a Minotaur Fighter on Mar 16, 2021.
             Was a Follower of Trog.
             Slain by an ogre
             ... wielding a +0 giant club
              (18 damage)
             ... on level 6 of the Dungeon on Mar 17, 2021.
             The game lasted 00:12:48 (5268 turns).

Mitsuki the Skirmisher (Minotaur Fighter)           Turns: 5268, Time: 00:12:49

Health: -4/74      AC: 14    Str: 22    XL:     8   Next: 22%
Magic:  7/7        EV:  7    Int:  5    God:    Trog [*.....]
Gold:   413        SH: 10    Dex: 11    Spells: 7/7 levels left

rFire    . . .     SeeInvis .   a - +0 long sword
rCold    . . .     Faith    .   c - +0 kite shield
rNeg     . . .     Spirit   .   l - +0 chain mail
rPois    .         Reflect  .   (helmet restricted)
rElec    .         Harm     .   f - +1 cloak
rCorr    .         Rampage  .   s - +0 pair of gloves
Will     .....                  p - +0 pair of boots
Stlth    ..........             (no amulet)
HPRegen  0.22/turn              (no ring)
MPRegen  0.10/turn              (no ring)

@: lethally poisoned (-4 -> -7)
A: horns 2, retaliatory headbutt
a: Renounce Religion, Berserk


You were on level 6 of the Dungeon.
You worshipped Trog.
Trog was aware of your devotion.
You visited 2 branches of the dungeon, and saw 7 of its levels.

You collected 413 gold pieces.

Inventory:

Hand Weapons
 a - a +0 long sword (weapon)
Missiles
 n - 4 curare-tipped darts (quivered)
Armour
 c - a +0 kite shield (worn)
 f - a +1 cloak (worn)
 l - a +0 chain mail (worn)
 p - a +0 pair of boots (worn)
 s - a +0 pair of gloves (worn)
Jewellery
 w - a ring of resist corrosion
Wands
 d - a wand of acid (8)
 t - a wand of digging (12)
Scrolls
 b - a scroll of magic mapping {unknown}
 e - 7 scrolls of identify {unknown}
 i - a scroll of teleportation {unknown}
 j - a scroll of enchant weapon {unknown}
 k - a scroll of enchant armour {unknown}
 r - 2 scrolls of amnesia {unknown}
Potions
 g - 3 potions of haste {unknown}
 h - a potion of invisibility {unknown}
 m - a potion of curing {unknown}
 o - a potion of flight {unknown}
 q - a potion of attraction {unknown}
 u - a potion of magic {unknown}
 v - a potion of might


   Skills:
 * Level 7.7 Fighting
 + Level 5.3 Long Blades
 + Level 5.9 Armour
 + Level 4.0 Dodging
 + Level 5.8 Shields
 + Level 1.5 Evocations


You had 7 spell levels left.
You didn't know any spells.
Your spell library was empty.

Dungeon Overview and Level Annotations

Branches:
Dungeon (6/15)             Temple (1/1) D:4

Altars:
Ashenzari
Cheibriados
Dithmenos
Elyvilon
Fedhas
Gozag
Hepliaklqana
Makhleb
Nemelex Xobeh
Okawaru
Qazlal
Ru
Sif Muna
Trog
Wu Jian
Xom
Zin
The Shining One


Innate Abilities, Weirdness & Mutations

You have a pair of horns on your head.
You reflexively headbutt those who attack you in melee.


Message History

You are more poisoned.
You take 2 damage, and have 63/74 hp.
You feel less confused.
You feel sick. You block the orc wizard's attack.
You take 1 damage, and have 62/74 hp.
You barely miss the orc wizard. You headbutt the orc wizard.
The orc wizard is moderately wounded.
You feel sick. You block the orc wizard's attack.
You take 2 damage, and have 60/74 hp.
Okay, then.
You slash the orc wizard!
The orc wizard is almost dead.
You feel sick.
The orc wizard points at you and mumbles some strange words.
The puff of flame hits you! You block the ogre's attack.
You block the orc wizard's attack.
You take 10 damage, and have 50/74 hp.
You hit the orc wizard.
You kill the orc wizard!
Trog accepts your kill.
You can now go berserk at will.
Trog appreciates your killing of a magic user.
You feel sick. The ogre barely misses you.
You take 1 damage, and have 49/74 hp.
You barely miss the ogre.
You feel sick. You block the ogre's attack.
The ogre hits you with a +0 giant club!
You take 11 damage, and have 38/74 hp.
You completely miss the ogre. You headbutt the ogre!
The ogre is moderately wounded.
You feel sick. The ogre barely misses you.
You take 1 damage, and have 37/74 hp.
You hit the ogre.
The ogre is heavily wounded.
You feel sick. The ogre hits you with a +0 giant club!
You take 13 damage, and have 24/74 hp.
You hit the ogre but do no damage.
The ogre is moderately wounded.
You feel sick. The ogre hits you with a +0 giant club!
* * * LOW HITPOINT WARNING * * *
The ogre hits you with a +0 giant club!!
You die...

#. #.......#
#..#.......#
#..#.......#
#..#.......#
#+#..........#
....#........#####
..................
#.@O.)....o..
#..))##......
#....# .....
#....## ....
##....# .o. #....#
.. #....# # #....#
#....#


You could see an ogre.

Vanquished Creatures
  Eustachio (D:4)
  A sky beast (D:5)
  An ice beast (D:5)
  2 ogres
  A phantom (D:4)
  A bullfrog (D:6)
  A scorpion (D:5)
  A hound (D:5)
  An orc priest (D:4)
  An iguana (D:4)
  2 orc wizards
  Ijyb (D:5)
  5 worker ants
  4 gnolls
  13 adders
  An ooze (D:1)
  3 worms
  2 dart slugs
  6 leopard geckos
  10 orcs
  4 giant cockroaches
  5 goblins
  7 hobgoblins
  3 jackals (D:4)
  10 kobolds
  6 quokkas
  A ball python (D:2)
  5 bats
  6 frilled lizards
  A quokka zombie (D:5)
  9 rats
115 creatures vanquished.

Vanquished Creatures (others)
  5 plants (D:2)
5 creatures vanquished.

Grand Total: 120 creatures vanquished

Notes
Turn   | Place    | Note
-------+----------+-------------------------------------------
     0 | D:1      | Mitsuki the Minotaur Fighter began the quest for the Orb.
     0 | D:1      | Reached XP level 1. HP: 19/19 MP: 0/0
   143 | D:1      | Reached skill level 4 in Fighting
   143 | D:1      | Reached XP level 2. HP: 27/27 MP: 1/1
   504 | D:1      | Reached XP level 3. HP: 27/33 MP: 2/2
   582 | D:1      | Reached skill level 1 in Dodging
  1075 | D:2      | Reached XP level 4. HP: 38/41 MP: 3/3
  1564 | D:2      | You fall into a shaft and drop 1 floor!
  1564 | D:3      | Noticed an ogre
  1570 | D:3      | Killed an ogre
  1571 | D:3      | Reached skill level 5 in Fighting
  1571 | D:3      | Reached XP level 5. HP: 37/48 MP: 4/4
  2623 | D:3      | Reached XP level 6. HP: 56/56 MP: 5/5
  2964 | D:4      | Noticed Eustachio
  3245 | D:4      | Killed Eustachio
  3246 | D:4      | Reached skill level 6 in Fighting
  3246 | D:4      | Reached skill level 5 in Armour
  3246 | D:4      | Reached skill level 5 in Shields
  3246 | D:4      | Reached XP level 7. HP: 39/64 MP: 6/6
  3771 | D:4      | Found a staircase to the Ecumenical Temple.
  3798 | Temple   | Entered the Ecumenical Temple
  4062 | Temple   | Became a worshipper of Trog the Wrathful
  4293 | D:5      | Entered Level 5 of the Dungeon
  4392 | D:5      | Reached skill level 7 in Fighting
  4598 | D:5      | Upgraded the game from 0.27-a0-652-g2d5cf1dcd3 to
                  | 0.27-a0-661-gca034ae587
  4616 | D:5      | Noticed Ijyb
  4623 | D:5      | Killed Ijyb
  4739 | D:5      | Reached skill level 5 in Long Blades
  4739 | D:5      | Reached skill level 1 in Evocations
  4829 | D:5      | Reached XP level 8. HP: 67/73 MP: 7/7
  5264 | D:6      | Reached * piety under Trog
  5268 | D:6      | Slain by an ogre

Illustrated notes

Levels and vault maps discovered:
D:1:      lightli_arrival_isolated_outpost, layout_basic
D:2:      layout_basic, lexackson_kobold_supper
D:3:      layout_loops_cross, lemuel_old_faithful
D:4:      wad_pebble_path, layout_basic, minmay_temple_entry_proselytizer,
          uniq_eustachio
D:5:      layout_cave_pools, uniq_ijyb
D:6:      layout_basic
Temple:   compressed_dpeg_circular_temple

Skill      XL: |  1  2  3  4  5  6  7  8 |
---------------+-------------------------+-----
Fighting       | 4 5 6 7 |  7.7
Long Blades    | 3 4 5 |  5.3
Dodging        | 1 2 3 4 |  4.0
Armour         | 4 5 |  5.9
Shields        | 4 5 |  5.8
Evocations     | 1 |  1.5

Action                   |  1- 3 |  4- 6 |  7- 9 || total
-------------------------+-------+-------+-------++-------
Melee: Long sword        |    75 |   194 |   129 ||   398
       Headbutt          |    11 |    29 |    24 ||    64
Throw: Dart              |       |     8 |     5 ||    13
Evoke: Wand              |       |       |     1 ||     1
  Use: Potion            |       |     1 |       ||     1
Armor: Scale mail        |    31 |     2 |       ||    33
       Chain mail        |       |   156 |    61 ||   217
Dodge: Dodged            |    21 |    65 |    35 ||   121
Block: Kite shield       |    49 |   115 |    65 ||   229
       Rpst.: Long sword |     7 |    13 |     7 ||    27

Table legend: (Time is in decaauts)
 A = Elapsed time spent in this place.
 B = Non-inter-level travel time spent in this place.
 C = Inter-level travel time spent in this place.
 D = Time resting spent in this place.
 E = Time spent auto-exploring this place.
 F = Levels seen in this place.
 G = Mean time per level.
                   A        B        C        D        E       F      G
               +--------+--------+--------+--------+--------+-----+--------+
         Total |   5442 |   5308 |    134 |    332 |   3992 |   7 |  777.4 |
       Dungeon |   5150 |   5044 |    106 |    332 |   3747 |   6 |  858.3 |
        Temple |    292 |    264 |     28 |      0 |    245 |   1 |  292.0 |
               +--------+--------+--------+--------+--------+-----+--------+

Top non-repeatable levels by time:
     D:2: 1089 daAuts
     D:4: 1051 daAuts
     D:1: 1020 daAuts
     D:3: 980 daAuts
     D:5: 889 daAuts
  Temple: 292 daAuts
     D:6: 119 daAuts
